 Dungeon Crawl Stone Soup version 0.30-a0-1035-g38d5fb2972 (webtiles) character file.

Game seed: 14034104760080091247

1927 promet the Poker (level 8, 0/66 HPs)
             Began as a Green Draconian Wanderer on Apr 9, 2023.
             Slain by a centaur (1 damage)
             ... on level 7 of the Dungeon.
             The game lasted 00:26:57 (8114 turns).

promet the Poker (Green Draconian Wanderer)         Turns: 8114, Time: 00:26:57

Health: 0/66       AC:  8    Str: 17    XL:     8   Next: 96%
Magic:  4/4        EV: 14    Int: 13    God:
Gold:   316        SH:  0    Dex: 16    Spells: 14/15 levels left

rFire   . . .      SeeInvis .    a - +3 spear (antimagic)
rCold   . . .      Faith    .    (no shield)
rNeg    . . .      Spirit   .    (body armour unavailable)
rPois   +          Reflect  .    (helmet restricted)
rElec   .          Rampage  .    (no cloak)
rCorr   .                        d - +1 pair of gloves
Will    .....                    (no boots)
Stlth   ++                       (no amulet)
HPRegen 0.31/turn                v - +6 ring of dexterity
MPRegen 0.09/turn                (no ring)

@: no status effects
A: breathe noxious fumes, AC +6, unfitting armour, poison resistance,
cold-blooded
a: Breathe Noxious Fumes


You were on level 7 of the Dungeon.
You visited 1 branch of the dungeon, and saw 7 of its levels.

You collected 316 gold pieces.

Inventory:

Hand Weapons
 a - a +3 antimagic spear (weapon)
 b - a +3 heavy sling
 c - a +2 short sword of speed
 h - a +3 dagger
 r - a +2 whip of electrocution
Missiles
 g - 65 stones
 i - 3 curare-tipped darts
 q - 15 poisoned darts
 y - 3 boomerangs (quivered)
Armour
 d - a +1 pair of gloves (worn)
Jewellery
 f - a ring of resist corrosion
 o - a ring of willpower
 v - a +6 ring of dexterity (left hand)
Wands
 u - a wand of charming (18)
 x - a wand of flame (22)
 A - a wand of acid (8)
Scrolls
 k - a scroll of fog
 s - a scroll of teleportation
 w - 2 scrolls of amnesia {unknown}
 z - a scroll of poison
Potions
 e - 3 potions of attraction
 j - 3 potions of haste
 l - 2 potions of cancellation
 m - 2 potions of berserk rage {unknown}
 n - a potion of ambrosia
 p - 2 potions of heal wounds {unknown}
 t - a potion of invisibility {unknown}


   Skills:
 + Level 3.9 Fighting
 + Level 0.5 Short Blades
 + Level 5.7 Polearms
 + Level 2.4 Ranged Weapons
 + Level 5.2 Throwing
 + Level 4.1 Dodging
 + Level 2.9 Stealth
 + Level 4.3 Spellcasting
 + Level 4.2 Transmutations


You had 14 spell levels left.
You knew the following spells:

 Your Spells              Type           Power      Damage    Failure   Level
a - Beastly Appendage     Tmut           26%        N/A       3%          1

Your spell library contained the following spells:

 Spells                   Type           Power      Damage    Failure   Level
 Apportation              Tloc           4%         N/A       21%         1
 Kiss of Death            Conj/Necr      8%         2d6       21%         1
 Blink                    Tloc           4%         N/A       30%         2
 Lesser Beckoning         Tloc           4%         N/A       30%         2
 Momentum Strike          Conj/Tloc      4%         3d8       30%         2
 Ignite Poison            Fire/Tmut/Pois 6%         N/A       34%         3
 Inner Flame              Hex/Fire       2%         N/A       52%         3
 Alistair's Intoxication  Tmut/Pois      5%         N/A       93%         5
 Yara's Violent Unravell  Hex/Tmut       4%         3d4       93%         5
 Enfeeble                 Hex            1%         N/A       100%        7


Dungeon Overview and Level Annotations

Branches:
Dungeon (7/15)
 Temple: D:4-7

Altars:
Zin


Innate Abilities, Weirdness & Mutations

You can breathe blasts of noxious fumes.
Your lurid green scales are hard. (AC +6)
You cannot fit into any form of body armour.
Your system is resistant to poisons. (rPois)
You are cold-blooded and may be slowed by cold attacks.


Message History

The centaur shoots an arrow.
The arrow barely misses you.
You hit the centaur. You tail-slap the centaur.
The centaur is moderately wounded.
The centaur misses you.
The centaur kicks you but does no damage.
The centaur shoots an arrow.
The arrow barely misses you. The centaur attacks as you move away!
The centaur closely misses you. The centaur completely misses you.
The centaur wields a +1 shortbow of freezing.
It is covered in frost.
The centaur shoots an arrow.
The arrow hits you.
You feel yourself slow down. The arrow freezes you.
The centaur unwields a +0 shortbow.
The centaur barely misses you.
The centaur kicks you but does no damage.
Okay, then.
Okay, then.
The centaur unwields a +1 shortbow of freezing.
The centaur hits you but does no damage.
The centaur kicks you. The centaur misses you.
The centaur kicks you but does no damage.
The centaur barely misses you.
The centaur kicks you but does no damage.
You feel yourself speed up. The centaur barely misses you.
The centaur misses you.
The centaur wields a +0 shortbow.
The centaur shoots an arrow.
The arrow hits you!
* * * LOW HITPOINT WARNING * * *
The centaur barely misses you. The centaur kicks you.
* * * LOW HITPOINT WARNING * * *
The centaur shoots an arrow.
The arrow hits you.
* * * LOW HITPOINT WARNING * * *
The centaur closely misses you. The centaur kicks you.
* * * LOW HITPOINT WARNING * * *
The centaur barely misses you.
The centaur kicks you but does no damage.
The centaur shoots an arrow.
The arrow barely misses you.
There is a stone staircase leading up here.
The centaur hits you.
* * * LOW HITPOINT WARNING * * *
The centaur kicks you.
You die...

..####.## .........
........#####
#..........#
##...<...$..#
............#
##..........######.
.......@.c.........
##......c...#######
######.##..#
...###..# ##..#
##..( #... ####
##.. ##.


You could see 2 centaurs.

Vanquished Creatures
  A sky beast (D:5)
  A black bear (D:5)
  3 ice beasts
  An ogre (D:5)
  A phantom (D:5)
  2 bullfrogs (D:6)
  3 scorpions
  4 killer bees (D:6)
  2 howler monkeys (D:6)
  3 vampire bats (D:3)
  6 hounds
  A jelly (D:6)
  An orc priest (D:3)
  Jessica (D:2)
  2 sleepcaps
  4 iguanas
  6 gnolls
  8 adders
  A river rat (D:6)
  A shadow imp (D:5)
  An ufetubus (D:5)
  8 orcs
  5 ball pythons
  15 bats
  3 endoplasms
  5 giant cockroaches
  4 goblins
  9 hobgoblins
  7 kobolds
  A quokka (D:1)
  5 frilled lizards
  4 rats
119 creatures vanquished.

Vanquished Creatures (others)
  7 plants (D:4)
7 creatures vanquished.

Grand Total: 126 creatures vanquished

Notes
Turn   | Place    | Note
-------+----------+-------------------------------------------
     0 | D:1      | promet the Draconian Wanderer began the quest for the Orb.
     0 | D:1      | promet set off with the following items: a +3 dagger, 4
                  | curare-tipped darts, a scroll of fog; and the following
                  | spell memorised: Beastly Appendage; and the following
                  | spells available to memorise: Ignite Poison.
     0 | D:1      | Reached XP level 1. HP: 16/16 MP: 2/2
   524 | D:1      | Reached XP level 2. HP: 23/23 MP: 1/3
  1227 | D:1      | Reached skill level 5 in Throwing
  1474 | D:2      | Found a glowing silver altar of Zin.
  1612 | D:2      | Found a faded altar of an unknown god.
  1620 | D:2      | Got Plato's Exposition on Destructive Unspeakable Rituals
  2306 | D:3      | Noticed Jessica
  2321 | D:2      | Killed Jessica
  2322 | D:2      | Reached XP level 3. HP: 26/28 MP: 0/5
  3077 | D:3      | Reached XP level 4. HP: 35/35 MP: 2/6
  3160 | D:3      | Reached skill level 1 in Stealth
  3489 | D:3      | Reached skill level 1 in Ranged Weapons
  3661 | D:3      | Reached XP level 5. HP: 40/40 MP: 1/7
  3932 | D:3      | Reached skill level 1 in Polearms
  4224 | D:3      | Reached XP level 6. HP: 44/47 MP: 3/9
  5160 | D:4      | Your scales start taking on a lurid green colour.
  5160 | D:4      | Reached XP level 7. HP: 53/53 MP: 3/11
  5160 | D:4      | Gained mutation: Your system is resistant to poisons.
                  | (rPois) [Green Draconian growth]
  5367 | D:5      | Entered Level 5 of the Dungeon
  6231 | D:5      | Reached XP level 8. HP: 55/62 MP: 4/13
  6722 | D:5      | Reached skill level 5 in Polearms
  8114 | D:7      | HP: 1/66 [centaur (5)]
  8114 | D:7      | Slain by a centaur

Illustrated notes

Levels and vault maps discovered:
D:1:      eino_arrival_cavern_b, layout_loops_ring
D:2:      layout_basic, shapermc_ecumenical_altar_rom_forum, basic_altar
D:3:      minmay_recursive_quarters, layout_basic, grunt_ministairs_11,
          roderic_batcave, uniq_jessica
D:4:      layout_loops_ring, minmay_lizard_king
D:5:      layout_loops_ring, minmay_misc_feat_plants
D:6:      layout_basic, cheibrodos_sewer_entry_sluice, serial_curves,
          eino_curves_02, eino_curves_03, eino_curves_04, eino_curves_01
D:7:      layout_rooms, minmay_temple_entry_oklob, serial_shops, shop

Skill      XL: |  1  2  3  4  5  6  7  8 |
---------------+-------------------------+-----
Throwing       | 5 |  5.2
Stealth        | 1 2 |  2.9
Ranged Weapons | 1 2 |  2.4
Polearms       | 2 3 4 5 |  5.7
Spellcasting   | 2 3 4 |  4.3
Dodging        | 2 3 4 |  4.1
Transmutations | 3 4 |  4.2
Fighting       | 2 3 |  3.9
Short Blades   | |  0.5

Action                     |  1- 3 |  4- 6 |  7- 9 || total
---------------------------+-------+-------+-------++-------
  Melee: Dagger            |    33 |       |       ||    33
         Kick              |     5 |    12 |    29 ||    46
         Headbutt          |     4 |    11 |    28 ||    43
         Tailslap          |     3 |    11 |    29 ||    43
         Spear             |    86 |   117 |   180 ||   383
         Punch             |       |       |     4 ||     4
         Short sword       |       |       |     1 ||     1
   Fire: Sling             |    11 |     4 |    16 ||    31
  Throw: Dart              |     1 |       |     3 ||     4
         Boomerang         |       |       |     4 ||     4
   Cast: Beastly Appendage |    11 |    18 |    18 ||    47
Ability: Breathe Noxious F |       |       |     1 ||     1
    Use: Scroll            |     9 |       |     7 ||    16
   Stab: Sleeping          |       |     1 |     2 ||     3
         Confused          |       |       |     1 ||     1
 Armour: Skin              |    59 |    46 |    49 ||   154
  Dodge: Dodged            |    85 |    86 |   144 ||   315

Table legend: (Time is in decaauts)
 A = Elapsed time spent in this place.
 B = Non-inter-level travel time spent in this place.
 C = Inter-level travel time spent in this place.
 D = Time resting spent in this place.
 E = Time spent auto-exploring this place.
 F = Levels seen in this place.
 G = Mean time per level.
                   A        B        C        D        E       F      G
               +--------+--------+--------+--------+--------+-----+--------+
         Total |   8129 |   7861 |    268 |   2761 |   2791 |   7 | 1161.3 |
       Dungeon |   8129 |   7861 |    268 |   2761 |   2791 |   7 | 1161.3 |
               +--------+--------+--------+--------+--------+-----+--------+

Top non-repeatable levels by time:
     D:3: 2065 daAuts
     D:5: 1564 daAuts
     D:1: 1340 daAuts
     D:6: 1160 daAuts
     D:2: 1014 daAuts
     D:4: 971 daAuts
     D:7: 14 daAuts
